 Dungeon Crawl Stone Soup version 0.31-a0-1447-g87ca8d402b (webtiles) character file.

Game seed: 120300002178430274

520 iguanaiguana the Cudgeller (level 7, 0/72 HPs)
             Began as an Oni Warper on Dec 28, 2023.
             Was a Priest of Lugonu.
             Succumbed to a scorpion's poison
             ... on level 4 of the Dungeon.
             The game lasted 00:11:50 (4956 turns).

iguanaiguana the Cudgeller (Oni Warper)             Turns: 4956, Time: 00:11:50

Health: 0/72       AC:  4    Str: 18    XL:     7   Next: 21%
Magic:  10/10      EV:  9    Int: 14    God:    Lugonu [***...]
Gold:   69         SH:  0    Dex:  8    Spells: 6/10 levels left

rFire   . . .        a - +0 giant spiked club
rCold   . . .        (shield currently unavailable)
rNeg    . . .        i - +1 robe {Will+}
rPois   .            (helmet restricted)
rElec   .            (no cloak)
rCorr   +            (gloves unavailable)
SInv    .            (boots unavailable)
Will    +....        c - amulet of faith
Stlth   +            n - ring of resist corrosion
HPRegen 0.32/turn    (no ring)
MPRegen 0.12/turn

%: faith
@: lethally poisoned (0 -> -2)
A: large, unfitting armour, horns 1, tough skin 1, double potion healing,
drunken brawling
a: Renounce Religion, Depart the Abyss, Banish


You were on level 4 of the Dungeon.
You worshipped Lugonu.
Lugonu was most pleased with you.
You visited 1 branch of the dungeon, and saw 4 of its levels.

You collected 187 gold pieces.
You spent 118 gold pieces at shops.

Inventory:

Hand Weapons
 a - a +0 giant spiked club (weapon)
 q - a +0 flail
Missiles
 d - a dart of dispersal (quivered)
 j - 3 poisoned darts
Armour
 i - a +1 robe of willpower (worn)
Magical Staves
 f - a staff of earth
Jewellery
 c - an amulet of faith (around neck)
 n - a ring of resist corrosion (left hand)
Scrolls
 h - a scroll of teleportation {@r3}
 k - a scroll of immolation
 m - a scroll of vulnerability
Potions
 e - a potion of haste {@q4}
 l - a potion of resistance {@q5}


   Skills:
 - Level 5.0 Fighting
 + Level 6.3 Maces & Flails
 - Level 1.0 Throwing
 - Level 2.1 Dodging
 - Level 2.4 Spellcasting
 - Level 2.6 Translocations
 - Level 3.0 Invocations


You had 6 spell levels left.
You knew the following spells:

 Your Spells              Type           Power      Damage    Failure   Level
a - Blink                 Tloc           18%        N/A       12%         2
b - Lesser Beckoning      Tloc           18%        N/A       12%         2

Your spell library contained the following spells:

 Spells                   Type           Power      Damage    Failure   Level
 Foxfire                  Conj/Fire      4%         2x1d4     22%         1
 Slow                     Hex            4%         N/A       22%         1
 Teleport Other           Tloc           9%         N/A       22%         3
 Confusing Touch          Hex            1%         N/A       56%         3
 Hailstorm                Conj/Ice       1%         3d5       56%         3
 Sigil of Binding         Hex            1%         N/A       56%         3
 Summon Ice Beast         Ice/Summ       1%         N/A       56%         3
 Vampiric Draining        Necr           1%         2d6       56%         3
 Manifold Assault         Tloc           9%         N/A       58%         4
 Vhi's Electric Charge    Tloc/Air       10%        N/A       78%         4
 Plasma Beam              Fire/Air       0%         2x1d10    100%        6
 Sculpt Simulacrum        Ice/Alch       0%         N/A       100%        6
 Starburst                Conj/Fire      0%         6d3       100%        6


Dungeon Overview and Level Annotations

Branches:
Dungeon (4/15) Zot: 19016
 Temple: D:4-7

Altars:
The Shining One
Lugonu

Shops:
D:2 =   D:4 [

Annotations:
D:4 2 transporters, Sonofthefire's ghost, weakling OpSh


Innate Abilities, Weirdness & Mutations

You are too large for most types of armour.
You have a pair of small horns on your head.
You have tough skin. (AC +1)
You gain doubled healing and magic from potions.
Whenever you drink a healing potion, you attack all around you.


Message History

The scorpion is heavily wounded.
* * * LOW HITPOINT WARNING * * *
You feel very sick. The scorpion stings you.
* * * LOW HITPOINT WARNING * * *
Hit: a) +0 giant spiked club
Press: ? - help, Dir - move target, f/p - scorpion
Aim: a scorpion (heavily wounded, about 59% to evade your +0 giant spiked club)
You closely miss the scorpion.
The scorpion is heavily wounded.
* * * LOW HITPOINT WARNING * * *
You feel very sick.
Okay, then.
Hit: a) +0 giant spiked club
Press: ? - help, Dir - move target, f/p - scorpion
Aim: a scorpion (heavily wounded, about 59% to evade your +0 giant spiked club)
You barely miss the scorpion.
The scorpion is heavily wounded.
* * * LOW HITPOINT WARNING * * *
Unknown command.
Hit: a) +0 giant spiked club
Press: ? - help, Dir - move target, f/p - scorpion
Aim: a scorpion (heavily wounded, about 59% to evade your +0 giant spiked club)
You sock the scorpion!
You kill the scorpion!
* * * LOW HITPOINT WARNING * * *
Unknown command.
Unknown command.
Unknown command.
There is a lethal amount of poison in your body!
* * * LOW HITPOINT WARNING * * *
You feel protected.
* * * LOW HITPOINT WARNING * * *
Your magical effects are unravelling.
You feel magically purged.
You feel less wooden.
Your +1 robe of willpower unmelds from your body.
You feel strong-willed.
Your resistance to elements expires.
You die...

#.......##..
.###...........
...............
#.............
#............
##.........#
#......†...# #.@#
#.## ##.#
##..#########
######...........#
##.................
##.................#
#..................#
#..................#


There were no monsters in sight!

Vanquished Creatures
  An ogre (D:4)
  2 scorpions (D:4)
  An orc priest (D:3)
  2 orc wizards
  Natasha (D:2)
  3 gnolls
  5 adders
  A white imp (D:4)
  5 dart slugs
  17 orcs
  8 bats
  5 endoplasms
  3 giant cockroaches
  7 hobgoblins
  3 jackals (D:2)
  2 quokkas
  8 ball pythons
  A frilled lizard (D:1)
  8 goblins
  2 goblin zombies (D:4)
  3 hobgoblin zombies (D:4)
  4 kobolds
  A kobold skeleton (D:4)
  2 kobold zombies (D:4)
  An orc skeleton (D:4)
  An orc zombie (D:4)
  17 rats
114 creatures vanquished.

Notes
Turn   | Place    | Note
-------+----------+-------------------------------------------
     0 | D:1      | iguanaiguana the Oni Warper began the quest for the Orb.
     0 | D:1      | Reached XP level 1. HP: 22/22 MP: 3/3
   279 | D:1      | Reached XP level 2. HP: 24/29 MP: 5/5
   626 | D:1      | Reached skill level 3 in Maces & Flails
   713 | D:1      | Found a faded altar of an unknown god.
   725 | D:1      | Prayed at the altar of an unknown god.
   725 | D:1      | Became a worshipper of Lugonu the Unformed
   725 | D:1      | Reached * piety under Lugonu
  1062 | D:2      | Reached XP level 3. HP: 34/36 MP: 6/6
  1142 | D:2      | Noticed Natasha
  1152 | D:2      | Killed Natasha
  1153 | D:2      | Reached skill level 4 in Maces & Flails
  1560 | D:2      | Reached XP level 4. HP: 44/44 MP: 7/7
  1611 | D:2      | Found Sefoidd's Jewellery Shop.
  1655 | D:2      | Reached ** piety under Lugonu
  2731 | D:3      | Reached skill level 5 in Maces & Flails
  2739 | D:3      | Reached XP level 5. HP: 50/50 MP: 8/8
  3733 | D:2      | Reached *** piety under Lugonu
  3734 | D:2      | Reached skill level 5 in Fighting
  3734 | D:2      | Reached XP level 6. HP: 38/66 MP: 9/9
  3856 | D:3      | Reached skill level 1 in Invocations
  4257 | D:4      | Found a transporter.
  4258 | D:4      | Found a transporter.
  4258 | D:4      | Noticed Sonofthefire's ghost (weakling OpSh)
  4558 | D:4      | Found a glowing golden altar of the Shining One.
  4743 | D:4      | Found Digiwn's Antique Armour Shop.
  4748 | D:4      | Bought an embroidered robe for 118 gold pieces
  4805 | D:4      | Reached skill level 6 in Maces & Flails
  4805 | D:4      | Reached XP level 7. HP: 49/72 MP: 10/10
  4907 | D:4      | Learned a level 2 spell: Blink
  4910 | D:4      | Learned a level 2 spell: Lesser Beckoning
  4951 | D:4      | HP: 4/108 [poisoned by a scorpion]
  4954 | D:4      | HP: 1/108 [poisoned by a scorpion]
  4956 | D:4      | Succumbed to a scorpion's poison

Illustrated notes

Levels and vault maps discovered:
D:1:      psy_arrival_conway, layout_basic,
          hellmonk_ecumenical_altar_defaced_shrine, minmay_crystal_water
D:2:      layout_loops_ring, serial_shops, nicolae_shop_behind_doors,
          minmay_rat_gold_closets, uniq_natasha
D:3:      layout_loops_cross, grunt_decor_mini_mirrors
D:4:      layout_cave_pods, nicolae_tso_besieged_by_evil,
          gammafunk_ghost_mausoleum, serial_shops, nicolae_shop_hallway_plus

Skill      XL: |  1  2  3  4  5  6 |
---------------+-------------------+-----
Maces & Flails | 3 4 5 6 |  6.3
Fighting       | 5 |  5.0
Invocations    | 3 |  3.0
Throwing       | |  1.0
Dodging        | |  2.1
Spellcasting   | |  2.4
Translocations | |  2.6

Action                     |  1- 3 |  4- 6 |  7- 9 || total
---------------------------+-------+-------+-------++-------
  Melee: Mace              |    32 |       |       ||    32
         Headbutt          |     9 |    28 |     2 ||    39
         Punch             |     2 |     1 |       ||     3
         Whip              |    77 |   110 |       ||   187
         Flail             |       |    87 |       ||    87
         Giant spiked club |       |    59 |    20 ||    79
         Unarmed           |       |     7 |       ||     7
  Throw: Dart              |     7 |     8 |       ||    15
    Use: Scroll            |     1 |    10 |       ||    11
         Potion            |     1 |     3 |     3 ||     7
 Armour: Robe              |    78 |    94 |    11 ||   183
         Skin              |       |   115 |     6 ||   121
  Dodge: Dodged            |    63 |   133 |    10 ||   206

Table legend: (Time is in decaauts)
 A = Elapsed time spent in this place.
 B = Non-inter-level travel time spent in this place.
 C = Inter-level travel time spent in this place.
 D = Time resting spent in this place.
 E = Time spent auto-exploring this place.
 F = Levels seen in this place.
 G = Mean time per level.
                   A        B        C        D        E       F      G
               +--------+--------+--------+--------+--------+-----+--------+
         Total |   4983 |   4794 |    189 |   1426 |   2306 |   4 | 1245.8 |
       Dungeon |   4983 |   4794 |    189 |   1426 |   2306 |   4 | 1245.8 |
               +--------+--------+--------+--------+--------+-----+--------+

Top non-repeatable levels by time:
     D:2: 1806 daAuts
     D:1: 1274 daAuts
     D:3: 1137 daAuts
     D:4: 764 daAuts
